 Dungeon Crawl Stone Soup version 0.17-a0-1184-gb75be8f (webtiles) character file.

97 Zwobot the Chopper (level 4, -10/33 HPs)
             Began as a Demonspawn Wanderer on June 1, 2015.
             Was an Initiate of Makhleb.
             Killed by divine providence
             ... invoked by an orc priest
              (14 damage)
             ... on level 3 of the Dungeon.
             The game lasted 00:06:28 (2775 turns).

Zwobot the Chopper (Demonspawn Wanderer)            Turns: 2775, Time: 00:06:28

Health: -10/33     AC:  6    Str: 14    XL:     4   Next: 42%
Magic:  4/4        EV: 11    Int: 15    God:    Makhleb [......]
Gold:   71         SH:  2    Dex: 10    Spells: 0 memorised, 3 levels left

rFire  . . .     SeeInvis .     a - +0 hand axe
rCold  . . .     Clarity  .     s - +0 leather armour
rNeg   . . .     SustAt   .     (no shield)
rPois  .         Gourm    .     j - +0 helmet
rElec  .         Spirit   .     (no cloak)
rCorr  .         Warding  .     (no gloves)
rMut   .         Stasis   .     (no boots)
MR     .....                    (no amulet)
Stlth  +.........               (no ring)
                                (no ring)

@: not resistant to hostile enchantments, very unstealthy
A: large bone plates 1, powered by death 1
a: Renounce Religion


You were on level 3 of the Dungeon.
You worshipped Makhleb.
Makhleb was noncommittal.
You were hungry.

You visited 1 branch of the dungeon, and saw 3 of its levels.

You collected 71 gold pieces.

Inventory:

Hand weapons
 a - a +0 hand axe (weapon)
 b - a +0 hand crossbow
Missiles
 d - 35 bolts
 h - 45 stones (quivered)
 r - 9 poisoned bolts
Armour
 f - a +0 robe
 j - a +0 helmet (worn)
 s - a +0 leather armour (worn)
Scrolls
 c - a scroll of fear
 n - a scroll of recharging {unknown}
 o - a scroll of remove curse {unknown}
 p - a scroll of teleportation {unknown}
 t - a scroll of blinking {unknown}
Potions
 e - a potion of heal wounds
 k - a potion of brilliance
 m - a potion of curing
 u - a potion of might {unknown}
Comestibles
 g - a bread ration
 i - a slice of pizza
 l - a meat ration
 v - a beef jerky


   Skills:
 + Level 2.1 Fighting
 * Level 4.7 Axes
 - Level 1.0 Dodging
   Level 1.0 Shields
 - Level 1.7 Unarmed Combat
   Level 1.0 Evocations


You had 3 spell levels left.
You didn't know any spells.

Dungeon Overview and Level Annotations

Branches:
Dungeon (3/15)

Altars:
Makhleb


Innate Abilities, Weirdness & Mutations

You are partially covered in large bone plates (AC +2, SH +2).
You can steal the life force of nearby defeated enemies.


Message History

The orc priest hits you but does no damage.
You hit the orc priest but do no damage.
The orc priest is severely wounded.
The orc priest closely misses you.
You hit the orc priest but do no damage.
The orc priest is severely wounded.
The orc priest hits you with a short sword.
You barely miss the orc priest.
The orc priest is severely wounded.
The orc priest misses you.
You hit the orc priest but do no damage.
The orc priest is severely wounded.
The orc priest invokes the aid of Beogh against you.
Pain shoots through your body!
* * * LOW HITPOINT WARNING * * *
You closely miss the orc priest.
The orc priest is severely wounded.
The orc priest invokes the aid of Beogh against you.
Something smites you!
You die...

#...........
#...........
#(..)†...#
#....##..##
##.##.##...#
+..........#
##.##†...#.#
#o#######.#######
#@#..............
#.<.####.#.######
##.....##.#...
+...##.##.#....#
###....##.##..##
####....# ..#
##.### #.. #...
... ...##


You could see an orc priest.

Vanquished Creatures
  A hound (D:2)
  2 adders (D:2)
  3 worms (D:2)
  A giant gecko (D:1)
  2 orcs (D:3)
  2 ball pythons
  10 bats
  4 giant cockroaches
  A goblin (D:1)
  3 hobgoblins
  3 kobolds
  A quokka (D:2)
  3 giant newts
  4 rats
40 creatures vanquished.

Notes
Turn   | Place    | Note
--------------------------------------------------------------
     0 | D:1      | Zwobot the Demonspawn Wanderer began the quest for the Orb.
     0 | D:1      | Zwobot set off with: a potion of heal wounds, a scroll of fear, a +0 hand crossbow, 22 bolts, a +0 hand axe, a +0 robe, a bread ration
     0 | D:1      | Reached XP level 1. HP: 16/16 MP: 1/1
   278 | D:1      | Reached skill level 3 in Axes
   449 | D:1      | Gained mutation: You can steal the life force of nearby defeated enemies. [demonic ancestry]
   449 | D:1      | Reached XP level 2. HP: 20/22 MP: 2/2
  1085 | D:2      | Gained mutation: You are partially covered in large bone plates (AC +2, SH +2). [demonic ancestry]
  1085 | D:2      | Reached XP level 3. HP: 8/27 MP: 3/3
  1712 | D:2      | Reached skill level 4 in Axes
  1934 | D:2      | Reached XP level 4. HP: 19/33 MP: 4/4
  2066 | D:2      | Found a burning altar of Makhleb.
  2072 | D:2      | Became a worshipper of Makhleb the Destroyer
  2775 | D:3      | Killed from afar by an orc priest

Vault maps used:
D:1:      tarquinn_simple_flora_water_a
D:2:      makhleb_blood_cavern_becter
D:3:      first_bread, serial_curves, eino_curves_03, eino_curves_01

Action                   |  1- 3 |  4- 6 || total
-------------------------+-------+-------++-------
Melee: Hand axe          |   113 |    55 ||   168
 Fire: Hand crossbow     |     7 |     8 ||    15
Throw: Stone             |     1 |       ||     1
  Use: Scroll            |     4 |     2 ||     6
 Stab: Sleeping          |     1 |       ||     1
  Eat: Chunk             |     1 |       ||     1
       Bread ration      |     1 |       ||     1
